[Event "2nd Serbian League-Vojvodina 2023"]
[Site "Novi Sad"]
[Date "2023.11.08"]
[Round "10.2"]
[White "Grujic, Zoran"]
[Black "Jakovljev, Zoran"]
[Result "1/2-1/2"]
[ECO "A27"]
[WhiteElo "2315"]
[BlackElo "2194"]
[Annotator "RC"]
[PlyCount "41"]
[EventDate "2023.10.22"]
[EventType "team-tourn"]
[EventCountry "SRB"]
[SourceTitle "playchess.com"]
[Source "ChessBase"]
[SourceQuality "1"]
[TimeControl "40/5400+30:1800+30"]

1. c4 e5 2. Nc3 Nc6 3. Nf3 f5 4. d4 e4 5. Ng5 Qf6 6. Nd5 Bb4+ 7. Bd2 Qxg5 8. Nxb4 Qd8 9. Nc2 Nf6 10. e3 O-O 11. d5 Ne5 12. Bc3 Qe7 13. Be2 d6 14. O-O Bd7 15. Qd4 a6 16. b4 Kh8 17. a4 Be8 18. f4 exf3 19. gxf3 Bh5 20. Rf2 Rae8 21. a5 1/2-1/2

[Event "2nd Serbian League-Vojvodina 2023"]
[Site "Novi Sad"]
[Date "2023.11.08"]
[Round "10.3"]
[White "Popovic, Zoran"]
[Black "Dragojlovic, Andjelko"]
[Result "1/2-1/2"]
[ECO "E70"]
[WhiteElo "2210"]
[BlackElo "2108"]
[Annotator "RC"]
[PlyCount "80"]
[EventDate "2023.10.22"]
[EventType "team-tourn"]
[EventCountry "SRB"]
[SourceTitle "playchess.com"]
[Source "ChessBase"]
[SourceQuality "1"]
[TimeControl "40/5400+30:1800+30"]

1. d4 g6 2. c4 Nf6 3. Nc3 Bg7 4. e4 O-O 5. Nf3 c6 6. e5 Ne8 7. Bf4 d6 8. h3 dxe5 9. dxe5 Nc7 10. Bd3 Ne6 11. Bg3 Nd7 12. O-O Ndc5 13. Bc2 a5 14. Qxd8 Rxd8 15. Rad1 Bd7 16. b3 Bh6 17. Ne2 Kf8 18. Nfd4 Nxd4 19. Nxd4 Ke8 20. f4 Ne6 21. Ne2 Ng7 22. Bf2 Bf5 23. Bxf5 Rxd1 24. Rxd1 gxf5 25. Bb6 Ne6 26. g3 Nf8 27. Nc3 Nd7 28. Bf2 e6 29. Kg2 Bf8 30. g4 Bb4 31. Na4 b5 32. Rxd7 bxa4 33. Rc7 axb3 34. axb3 Rd8 35. Rxc6 Rd2 36. Kf1 Rd1+ 37. Ke2 Rd2+ 38. Kf1 Rd1+ 39. Kg2 Rd2 40. Kf1 Rd1+ 1/2-1/2

[Event "2nd Serbian League-Vojvodina 2023"]
[Site "Novi Sad"]
[Date "2023.11.08"]
[Round "10.4"]
[White "Djacanin, Goran"]
[Black "Telecki, Ivan"]
[Result "1-0"]
[ECO "B06"]
[WhiteElo "2134"]
[BlackElo "2260"]
[Annotator "RC"]
[PlyCount "89"]
[EventDate "2023.10.22"]
[EventType "team-tourn"]
[EventCountry "SRB"]
[SourceTitle "playchess.com"]
[Source "ChessBase"]
[SourceQuality "1"]
[TimeControl "40/5400+30:1800+30"]

1. e4 g6 2. Nc3 Bg7 3. g3 d6 4. Bg2 Nd7 5. Nge2 e5 6. d3 h5 7. h3 c6 8. Be3 b5 9. a3 Bb7 10. O-O a5 11. f4 Bh6 12. Qd2 exf4 13. Bxf4 Qe7 14. Bxh6 Nxh6 15. d4 b4 16. Nd1 c5 17. Nf4 Qg5 18. Ne3 O-O 19. Kh2 h4 20. gxh4 Qxh4 21. Nfd5 Qg5 22. Rf4 cxd4 23. Qxd4 Qe5 24. Qxe5 dxe5 25. Rff1 b3 26. cxb3 Nc5 27. b4 Nd3 28. Rfd1 Nxb2 29. Rd2 Na4 30. b5 Kg7 31. Rc1 Rfc8 32. Rdc2 Rxc2 33. Rxc2 Rc8 34. Rxc8 Bxc8 35. Nc4 Bb7 36. Nxa5 Bxd5 37. exd5 Nf5 38. Nc4 Kf8 39. d6 Ke8 40. b6 Nxb6 41. Nxb6 Nxd6 42. Bd5 g5 43. Nc4 Nxc4 44. Bxc4 f5 45. Be6 1-0

[Event "2nd Serbian League-Vojvodina 2023"]
[Site "Novi Sad"]
[Date "2023.11.08"]
[Round "10.5"]
[White "Varga, Robert"]
[Black "Ilincic, Aleksa"]
[Result "1-0"]
[ECO "A31"]
[WhiteElo "2043"]
[BlackElo "2235"]
[Annotator "RC"]
[PlyCount "67"]
[EventDate "2023.10.22"]
[EventType "team-tourn"]
[EventCountry "SRB"]
[SourceTitle "playchess.com"]
[Source "ChessBase"]
[SourceQuality "1"]
[TimeControl "40/5400+30:1800+30"]

1. d4 Nf6 2. c4 c5 3. Nf3 cxd4 4. Nxd4 e5 5. Nb5 d5 6. cxd5 a6 7. N5c3 Bc5 8. e3 O-O 9. Be2 b5 10. a3 Bb7 11. b4 Bd6 12. e4 Nbd7 13. O-O Rc8 14. Be3 Nb6 15. Qb3 Nc4 16. Bxc4 Rxc4 17. Nd2 Rc8 18. h3 Qe7 19. Rfc1 Nh5 20. Ne2 Nf4 21. Nxf4 exf4 22. Bd4 Rxc1+ 23. Rxc1 f3 24. Qxf3 f5 25. Bc5 fxe4 26. Qxe4 Bxc5 27. Rxc5 Qf7 28. Qd4 Rd8 29. Ne4 Qg6 30. f3 h6 31. Qe5 Re8 32. Qd6 Qf5 33. Qg3 Bxd5 34. Rxd5 1-0

[Event "2nd Serbian League-Vojvodina 2023"]
[Site "Novi Sad"]
[Date "2023.11.08"]
[Round "10.6"]
[White "Stikovic, Dobrica"]
[Black "Sukunda, Dejan"]
[Result "1-0"]
[ECO "E65"]
[WhiteElo "2162"]
[BlackElo "2010"]
[Annotator "RC"]
[PlyCount "71"]
[EventDate "2023.10.22"]
[EventType "team-tourn"]
[EventCountry "SRB"]
[SourceTitle "playchess.com"]
[Source "ChessBase"]
[SourceQuality "1"]
[TimeControl "40/5400+30:1800+30"]

1. c4 Nf6 2. Nc3 g6 3. Nf3 Bg7 4. g3 O-O 5. Bg2 d6 6. O-O c5 7. d4 Nc6 8. h3 Rb8 9. dxc5 dxc5 10. Bf4 Ra8 11. Qc1 Be6 12. Nb5 Rc8 13. Ng5 Bd7 14. Rd1 a6 15. Nc3 Qa5 16. Bd2 Qc7 17. Kh2 Nd4 18. e3 Ne6 19. Nxe6 Bxe6 20. Nd5 Nxd5 21. cxd5 Bd7 22. Bc3 e5 23. Qd2 Qd6 24. a4 b5 25. axb5 axb5 26. b4 c4 27. Ra5 f5 28. Qb2 Bf6 29. e4 f4 30. gxf4 Rce8 31. Re1 g5 32. f5 Bd8 33. Ra8 g4 34. hxg4 Qh6+ 35. Kg1 Qf4 36. Qe2 1-0

[Event "2nd Serbian League-Vojvodina 2023"]
[Site "Novi Sad"]
[Date "2023.11.08"]
[Round "10.7"]
[White "Samani, Yamac"]
[Black "Balla, Tamas-Kristof"]
[Result "1-0"]
[ECO "B01"]
[WhiteElo "2349"]
[BlackElo "2308"]
[Annotator "RC"]
[PlyCount "81"]
[EventDate "2023.10.22"]
[EventType "team-tourn"]
[EventCountry "SRB"]
[SourceTitle "playchess.com"]
[Source "ChessBase"]
[SourceQuality "1"]
[TimeControl "40/5400+30:1800+30"]

1. e4 d5 2. exd5 Qxd5 3. Nc3 Qa5 4. d4 Nf6 5. Nf3 Bf5 6. Bc4 e6 7. Bd2 Bb4 8. Qe2 O-O 9. O-O-O Nc6 10. h3 Rad8 11. g4 Bg6 12. Be1 Nd5 13. Nxd5 exd5 14. Bb3 Rfe8 15. Ne5 Bxe1 16. Rhxe1 Nxe5 17. dxe5 c6 18. f4 Be4 19. h4 b5 20. Qe3 b4 21. Rd2 Ra8 22. h5 Qb5 23. Rd4 a5 24. Rxe4 dxe4 25. Qxe4 Qc5 26. g5 a4 27. Bc4 Kf8 28. g6 hxg6 29. hxg6 f6 30. Rh1 Ke7 31. b3 a3 32. Bf7 Kd7 33. Bxe8+ Rxe8 34. Rd1+ Kc7 35. Qd3 Kb6 36. exf6 gxf6 37. Qd4 f5 38. Qxc5+ Kxc5 39. g7 Kb6 40. Rg1 Rg8 41. Rg5 1-0

[Event "2nd Serbian League-Vojvodina 2023"]
[Site "Novi Sad"]
[Date "2023.11.08"]
[Round "10.8"]
[White "Kopasz, Robert"]
[Black "Alimpic, Aleksa"]
[Result "1-0"]
[ECO "B12"]
[WhiteElo "2241"]
[BlackElo "2290"]
[Annotator "RC"]
[PlyCount "191"]
[EventDate "2023.10.22"]
[EventType "team-tourn"]
[EventCountry "SRB"]
[SourceTitle "playchess.com"]
[Source "ChessBase"]
[SourceQuality "1"]
[TimeControl "40/5400+30:1800+30"]

1. e4 c6 2. d4 d5 3. e5 Bf5 4. Nf3 e6 5. Be2 c5 6. O-O Nc6 7. dxc5 Bxc5 8. Nbd2 Nge7 9. a3 a5 10. c4 O-O 11. Nb3 Bb6 12. Bg5 Qb8 13. Bxe7 Nxe7 14. cxd5 Nxd5 15. Bd3 Ne7 16. Bxf5 Nxf5 17. Rc1 Qa7 18. Qe2 Rfd8 19. Rc2 Rd5 20. g3 Rad8 21. Rfc1 Ne7 22. Kg2 Nc6 23. Rd2 Qb8 24. Rcd1 Rxd2 25. Rxd2 a4 26. Qb5 Rxd2 27. Nbxd2 Qa7 28. Ne4 Qa5 29. Qc4 Ba7 30. Nd6 Qb6 31. Qc2 h6 32. Ne4 Qa5 33. Nc3 Qc5 34. Qe2 Nd4 35. Nxd4 Qxd4 36. f4 Bb6 37. Kh3 Bd8 38. Qb5 g5 39. Qxa4 Qd3 40. Qd1 Qxd1 41. Nxd1 gxf4 42. gxf4 f6 43. Kg4 Bc7 44. exf6 Kf7 45. Nf2 Kxf6 46. Ne4+ Kg6 47. Ng3 Bb6 48. h4 Bd4 49. b3 Bb2 50. a4 Bc3 51. h5+ Kf7 52. Kf3 Ke7 53. Ke4 Bd2 54. Ne2 Kd6 55. Nd4 b6 56. Nf3 Bc3 57. Kd3 Bb2 58. Nd2 Kc5 59. Nc4 Ba1 60. Ke4 Bc3 61. Kd3 Ba1 62. Ne3 Bg7 63. Nc2 Kd5 64. b4 Bb2 65. Ne3+ Kc6 66. Ng4 Bg7 67. Kc4 Bf8 68. Ne5+ Kc7 69. a5 bxa5 70. bxa5 Ba3 71. Nd3 Kc6 72. Nb4+ Kc7 73. Nd3 Kc6 74. a6 Bd6 75. a7 Kb7 76. Nc5+ Kxa7 77. Nxe6 Kb7 78. Kd5 Ba3 79. Ng7 Kc7 80. Nf5 Kd7 81. Nxh6 Ke7 82. Ke5 Bc1 83. Kf5 Kf8 84. Ng4 Kg7 85. Kg5 Bd2 86. Kf5 Bc1 87. Ke5 Kf7 88. Kf5 Bd2 89. Nf2 Kg7 90. Kg5 Ba5 91. h6+ Kh7 92. Kh5 Bd2 93. Nh3 Bc3 94. Ng5+ Kg8 95. Kg6 Ba1 96. f5 1-0

[Event "2nd Serbian League-Vojvodina 2023"]
[Site "Novi Sad"]
[Date "2023.11.08"]
[Round "10.9"]
[White "Pajcin, Lav"]
[Black "Nagy, Attila N"]
[Result "1/2-1/2"]
[ECO "B27"]
[WhiteElo "2109"]
[BlackElo "2164"]
[Annotator "RC"]
[PlyCount "62"]
[EventDate "2023.10.22"]
[EventType "team-tourn"]
[EventCountry "SRB"]
[SourceTitle "playchess.com"]
[Source "ChessBase"]
[SourceQuality "1"]
[TimeControl "40/5400+30:1800+30"]

1. e4 c5 2. Nf3 g6 3. d4 cxd4 4. Qxd4 Nf6 5. Nc3 Nc6 6. Qa4 d6 7. e5 dxe5 8. Nxe5 Qd4 9. Nxc6 Qxa4 10. Nxa4 bxc6 11. Be3 Bg7 12. O-O-O O-O 13. Be2 Bf5 14. c4 Ng4 15. Bxg4 Bxg4 16. f3 Be6 17. b3 h5 18. Rhe1 Rfe8 19. Bd4 Bh6+ 20. Kb2 Bf5 21. Nc5 a5 22. h3 h4 23. Bc3 Bf4 24. Be5 Bh6 25. Bc3 Bf4 26. Rd4 Bg3 27. Re2 g5 28. Rd1 f6 29. a4 Kf7 30. Nb7 Bc7 31. Nc5 Rec8 1/2-1/2

[Event "2nd Serbian League-Vojvodina 2023"]
[Site "Novi Sad"]
[Date "2023.11.08"]
[Round "10.10"]
[White "Gusev, Mikhail"]
[Black "Gagic, Milan A"]
[Result "1/2-1/2"]
[ECO "B15"]
[WhiteElo "2012"]
[BlackElo "2164"]
[Annotator "RC"]
[PlyCount "60"]
[EventDate "2023.10.22"]
[EventType "team-tourn"]
[EventCountry "SRB"]
[SourceTitle "playchess.com"]
[Source "ChessBase"]
[SourceQuality "1"]
[TimeControl "40/5400+30:1800+30"]

1. e4 c6 2. d4 d5 3. Nd2 dxe4 4. Nxe4 Nf6 5. Nxf6+ exf6 6. c3 Bd6 7. Bd3 O-O 8. Qc2 Re8+ 9. Ne2 h5 10. O-O h4 11. h3 Nd7 12. Be3 Nf8 13. c4 Be6 14. Rad1 Rc8 15. Nf4 Bb8 16. Nxe6 Nxe6 17. Bh7+ Kh8 18. Be4 g5 19. d5 cxd5 20. Rxd5 Qc7 21. f4 Qxc4 22. Qxc4 Rxc4 23. Bd3 Nxf4 24. Bxc4 Nxd5 25. Bxg5 fxg5 26. Bxd5 f6 27. Rxf6 Re1+ 28. Rf1 Bh2+ 29. Kf2 Bg3+ 30. Kg1 Bh2+ 1/2-1/2

[Event "2nd Serbian League-Vojvodina 2023"]
[Site "Novi Sad"]
[Date "2023.11.08"]
[Round "10.11"]
[White "Djurnic, Strahinja"]
[Black "Levitan, Judah Nathan"]
[Result "0-1"]
[ECO "B52"]
[WhiteElo "2097"]
[BlackElo "1937"]
[Annotator "RC"]
[PlyCount "102"]
[EventDate "2023.10.22"]
[EventType "team-tourn"]
[EventCountry "SRB"]
[SourceTitle "playchess.com"]
[Source "ChessBase"]
[SourceQuality "1"]
[TimeControl "40/5400+30:1800+30"]

1. e4 c5 2. Nf3 d6 3. Bb5+ Bd7 4. Bxd7+ Nxd7 5. d4 cxd4 6. Qxd4 Ngf6 7. Nc3 g6 8. e5 dxe5 9. Nxe5 Bg7 10. Nxd7 Qxd7 11. Be3 Qc6 12. O-O O-O 13. Rfd1 b5 14. Qb4 Rab8 15. Bxa7 Rb7 16. Bd4 Rc8 17. Rd2 Bf8 18. Bxf6 Qxf6 19. Qe4 Rbc7 20. Rad1 Rc5 21. Nd5 Qxb2 22. Nxe7+ Bxe7 23. Qxe7 Kg7 24. c4 Qc3 25. g3 Re5 26. Qd7 Rxc4 27. Qd3 Qxd3 28. Rxd3 Re2 29. Rb3 Rcc2 30. Rf1 Rb2 31. Rb1 Rxa2 32. Rf3 Rab2 33. Ra1 Re7 34. Raa3 b4 35. Rab3 Rxb3 36. Rxb3 Rb7 37. Kf1 Kf6 38. Ke2 Ke5 39. Kd3 Kd5 40. Kc2 Kc4 41. Re3 f5 42. Re8 Rd7 43. Rc8+ Kb5 44. Rb8+ Kc4 45. Rc8+ Kd4 46. Rb8 Ke4 47. Rxb4+ Kf3 48. Rf4+ Kg2 49. h4 h5 50. Kc1 Rd3 51. g4 Rf3 0-1

[Event "2nd Serbian League-Vojvodina 2023"]
[Site "Novi Sad"]
[Date "2023.11.08"]
[Round "10.12"]
[White "Vranic, Ljubomir"]
[Black "Cica, Dragan"]
[Result "0-1"]
[ECO "A80"]
[WhiteElo "2090"]
[BlackElo "2125"]
[Annotator "RC"]
[PlyCount "76"]
[EventDate "2023.10.22"]
[EventType "team-tourn"]
[EventCountry "SRB"]
[SourceTitle "playchess.com"]
[Source "ChessBase"]
[SourceQuality "1"]
[TimeControl "40/5400+30:1800+30"]

1. d4 f5 2. Nc3 Nf6 3. Bg5 d5 4. Bxf6 exf6 5. e3 Bb4 6. Nge2 Nc6 7. a3 Bxc3+ 8. Nxc3 Ne7 9. Bd3 O-O 10. Qf3 Be6 11. Ne2 Qd7 12. O-O-O a5 13. h3 b5 14. b3 Rfc8 15. Kb2 Rab8 16. b4 axb4 17. axb4 Qd6 18. c3 Nc6 19. Kb3 Na5+ 20. Kc2 Nc4 21. Ra1 Ra8 22. Bxc4 bxc4 23. Ng3 g6 24. Rhc1 Qc6 25. Kd2 Ra6 26. Ke1 Rca8 27. Qd1 R8a7 28. Rxa6 Qxa6 29. Ne2 Bd7 30. Rb1 f4 31. Nxf4 Bf5 32. Rc1 g5 33. Qh5 Kg7 34. Nxd5 Qe6 35. Nxf6 Qxf6 36. Qe8 Ra2 37. Qe5 Qxe5 38. dxe5 Bd3 0-1

[Event "2nd Serbian League-Vojvodina 2023"]
[Site "Novi Sad"]
[Date "2023.11.08"]
[Round "10.13"]
[White "Skvortsov, Andrei"]
[Black "Bokros, Albert"]
[Result "0-1"]
[ECO "B21"]
[WhiteElo "2294"]
[BlackElo "2447"]
[Annotator "RC"]
[PlyCount "54"]
[EventDate "2023.10.22"]
[EventType "team-tourn"]
[EventCountry "SRB"]
[SourceTitle "playchess.com"]
[Source "ChessBase"]
[SourceQuality "1"]
[TimeControl "40/5400+30:1800+30"]

1. e4 c5 2. d4 cxd4 3. Qxd4 Nc6 4. Qd3 Nf6 5. Nc3 g6 6. Nf3 Bg7 7. Be2 O-O 8. Nd5 d6 9. c3 Nd7 10. O-O b6 11. Bg5 h6 12. Bh4 Bb7 13. b4 g5 14. Bg3 Rc8 15. Rac1 Nce5 16. Nxe5 Nxe5 17. Qb1 f5 18. f4 e6 19. fxe5 exd5 20. exf5 dxe5 21. f6 Rxf6 22. Bxe5 Rxf1+ 23. Rxf1 Qe8 24. Bxg7 Kxg7 25. Bg4 Qe3+ 26. Kh1 Rf8 27. Re1 Qxc3 0-1

[Event "2nd Serbian League-Vojvodina 2023"]
[Site "Novi Sad"]
[Date "2023.11.08"]
[Round "10.14"]
[White "Varga, Zoltan"]
[Black "Levitan, Caleb Levi"]
[Result "1/2-1/2"]
[ECO "B40"]
[WhiteElo "2356"]
[BlackElo "2219"]
[Annotator "RC"]
[PlyCount "81"]
[EventDate "2023.10.22"]
[EventType "team-tourn"]
[EventCountry "SRB"]
[SourceTitle "playchess.com"]
[Source "ChessBase"]
[SourceQuality "1"]
[TimeControl "40/5400+30:1800+30"]

1. e4 c5 2. Nf3 e6 3. g3 d5 4. exd5 exd5 5. Bg2 Qe7+ 6. Kf1 g6 7. d4 Bg7 8. Nc3 Nf6 9. dxc5 Qxc5 10. Qe2+ Qe7 11. Bg5 Qxe2+ 12. Kxe2 Be6 13. Rhd1 Nbd7 14. Nb5 O-O 15. Be3 a6 16. Nc7 Rac8 17. Nxe6 fxe6 18. c3 Rfe8 19. Bh3 h6 20. Rac1 Kf7 21. Kf1 b5 22. Rc2 g5 23. Bxg5 hxg5 24. Nxg5+ Kg6 25. Nxe6 Bh6 26. Nd4 Ra8 27. Bf5+ Kf7 28. f4 Nb6 29. b3 Nc8 30. Nc6 Nd6 31. Bh3 Nde4 32. Kg2 Kg8 33. Nb4 Bg7 34. Kf3 Ra7 35. c4 bxc4 36. bxc4 dxc4 37. Rxc4 Bf8 38. Nc6 Rc7 39. Bf1 Nd6 40. Rc3 Nb5 41. Bxb5 1/2-1/2

[Event "2nd Serbian League-Vojvodina 2023"]
[Site "Novi Sad"]
[Date "2023.11.08"]
[Round "10.15"]
[White "Ljepic, Andrej"]
[Black "Strbac, Mladen"]
[Result "1-0"]
[ECO "C02"]
[WhiteElo "2236"]
[BlackElo "2246"]
[Annotator "RC"]
[PlyCount "55"]
[EventDate "2023.10.22"]
[EventType "team-tourn"]
[EventCountry "SRB"]
[SourceTitle "playchess.com"]
[Source "ChessBase"]
[SourceQuality "1"]
[TimeControl "40/5400+30:1800+30"]

1. e4 e6 2. d4 d5 3. e5 c5 4. c3 Nc6 5. Nf3 Bd7 6. a3 Nge7 7. b4 cxd4 8. cxd4 Nf5 9. Be3 b5 10. Nbd2 a5 11. Bxb5 axb4 12. a4 Be7 13. O-O O-O 14. Nb3 Nxe3 15. fxe3 Nb8 16. Qd3 Bxb5 17. Qxb5 Na6 18. Rfc1 Ra7 19. Rc6 Qa8 20. Rac1 g6 21. a5 Bd8 22. h3 Nc7 23. Qxb4 Rb7 24. Qa4 Qb8 25. Nc5 Rb4 26. Qa3 Re8 27. Nd7 Rb3 28. Qc5 1-0

[Event "2nd Serbian League-Vojvodina 2023"]
[Site "Novi Sad"]
[Date "2023.11.08"]
[Round "10.16"]
[White "Milanovic, Marko"]
[Black "Dimitrijevic, Nenad"]
[Result "1/2-1/2"]
[ECO "B11"]
[WhiteElo "2248"]
[BlackElo "2196"]
[Annotator "RC"]
[PlyCount "33"]
[EventDate "2023.10.22"]
[EventType "team-tourn"]
[EventCountry "SRB"]
[SourceTitle "playchess.com"]
[Source "ChessBase"]
[SourceQuality "1"]
[TimeControl "40/5400+30:1800+30"]

1. e4 c6 2. Nc3 d5 3. Nf3 Bg4 4. h3 Bxf3 5. Qxf3 e6 6. d3 Nd7 7. Bd2 d4 8. Ne2 Qb6 9. O-O-O Bb4 10. Qg3 Bxd2+ 11. Rxd2 g6 12. f4 Ne7 13. Qf3 O-O-O 14. Rd1 Nc5 15. Qf2 Na4 16. b3 Nc5 17. g4 1/2-1/2

[Event "2nd Serbian League-Vojvodina 2023"]
[Site "Novi Sad"]
[Date "2023.11.08"]
[Round "10.17"]
[White "Leskovac, Nikola"]
[Black "Levnajic, Pavle"]
[Result "1-0"]
[ECO "B07"]
[WhiteElo "1927"]
[BlackElo "2160"]
[Annotator "RC"]
[PlyCount "75"]
[EventDate "2023.10.22"]
[EventType "team-tourn"]
[EventCountry "SRB"]
[SourceTitle "playchess.com"]
[Source "ChessBase"]
[SourceQuality "1"]
[TimeControl "40/5400+30:1800+30"]

1. e4 d6 2. d4 Nf6 3. Nc3 e6 4. Be3 a6 5. f3 b5 6. a3 Bb7 7. Qd2 Be7 8. Nge2 d5 9. e5 Nfd7 10. f4 c5 11. g3 Nc6 12. Bg2 Rc8 13. O-O g6 14. h3 h5 15. Rfd1 Nb6 16. dxc5 Nc4 17. Qc1 b4 18. Na4 bxa3 19. b3 Nxe3 20. Qxe3 Nb4 21. Nd4 a5 22. Kh2 Na6 23. c6 Bxc6 24. Nxc6 Rxc6 25. c4 Nb4 26. Qd2 O-O 27. Nc3 Qc7 28. Nb5 Qb6 29. Nxa3 Rd8 30. Qe2 Rcc8 31. cxd5 Nxd5 32. Nc4 Qxb3 33. Nxa5 Rc2 34. Nxb3 Rxe2 35. Nd4 Rb2 36. Nc6 Rc8 37. Rxd5 exd5 38. Nxe7+ 1-0

[Event "2nd Serbian League-Vojvodina 2023"]
[Site "Novi Sad"]
[Date "2023.11.08"]
[Round "10.18"]
[White "Joksimovic, Dragoljub"]
[Black "Girgis, Lazar"]
[Result "0-1"]
[ECO "D77"]
[WhiteElo "2123"]
[BlackElo "1892"]
[Annotator "RC"]
[PlyCount "80"]
[EventDate "2023.10.22"]
[EventType "team-tourn"]
[EventCountry "SRB"]
[SourceTitle "playchess.com"]
[Source "ChessBase"]
[SourceQuality "1"]
[TimeControl "40/5400+30:1800+30"]

1. Nf3 Nf6 2. g3 d5 3. d4 g6 4. Bg2 Bg7 5. O-O O-O 6. c4 Nc6 7. Nc3 dxc4 8. d5 Na5 9. e4 c6 10. Qe2 cxd5 11. Rd1 e6 12. Bg5 Qe8 13. Nd4 Nxe4 14. Nxe4 dxe4 15. Bxe4 Bd7 16. Qd2 Bc6 17. Bxc6 Nxc6 18. Nb5 Ne5 19. Nd4 Nd3 20. Qe3 Qd7 21. Nf3 Qb5 22. Bh6 Qc5 23. Qxc5 Nxc5 24. Bf4 Bxb2 25. Rab1 c3 26. Ne1 Rfd8 27. Nc2 f6 28. Be3 Na4 29. Kf1 a5 30. Ke2 Kf7 31. Rd3 Rxd3 32. Kxd3 Rc8 33. f4 b5 34. Nd4 Nc5+ 35. Kc2 b4 36. Nb5 Ke7 37. Re1 a4 38. f5 b3+ 39. axb3 axb3+ 40. Kb1 Nd3 0-1

[Event "2nd Serbian League-Vojvodina 2023"]
[Site "Novi Sad"]
[Date "2023.11.08"]
[Round "10.19"]
[White "Georgiev, Krum"]
[Black "Mezentsev, Ivan"]
[Result "1/2-1/2"]
[ECO "B30"]
[WhiteElo "2294"]
[BlackElo "2360"]
[Annotator "RC"]
[PlyCount "139"]
[EventDate "2023.10.22"]
[EventType "team-tourn"]
[EventCountry "SRB"]
[SourceTitle "playchess.com"]
[Source "ChessBase"]
[SourceQuality "1"]
[TimeControl "40/5400+30:1800+30"]

1. e4 c5 2. Nf3 Nf6 3. d3 Nc6 4. Nbd2 d5 5. c3 g6 6. Be2 Bg7 7. O-O O-O 8. Re1 e5 9. a3 d4 10. cxd4 cxd4 11. Nc4 Re8 12. a4 Bf8 13. Bd2 a5 14. Qb3 Nd7 15. Rec1 Nc5 16. Qb5 Ra6 17. Ncxe5 Nxe5 18. Rxc5 Bxc5 19. Qxc5 Nxf3+ 20. Bxf3 Qb6 21. Qb5 Qxb5 22. axb5 Rb6 23. Bd1 Bd7 24. Ba4 Ra8 25. Ra3 Rc8 26. h4 Re6 27. Bxa5 b6 28. Bd2 Re5 29. Bf4 Rh5 30. Bg5 h6 31. Bf6 Bxb5 32. Bd1 Rhc5 33. Bg4 Rc1+ 34. Kh2 Rb8 35. Bxd4 h5 36. Bf3 Bd7 37. Ra7 Be6 38. Be5 Rd8 39. d4 Bc4 40. Bc7 Re8 41. Bxb6 Rc2 42. d5 Rxb2 43. Bd4 Rbb8 44. Bf6 Ra8 45. Rd7 Bb5 46. Rb7 Rab8 47. Rxb8 Rxb8 48. g4 hxg4 49. Bxg4 Rb7 50. Kg3 Bd7 51. f3 Kf8 52. Kf4 Ke8 53. h5 gxh5 54. Bxh5 Rb1 55. Bg4 Rg1 56. Bxd7+ Kxd7 57. Kf5 Rf1 58. f4 Rd1 59. Bg5 Rd4 60. Ke5 Ra4 61. Bf6 Ra6 62. Bg5 Ra4 63. Bh6 Ra6 64. Bf8 Ra8 65. Bc5 Ra5 66. Bf8 Ra8 67. Bc5 Ra5 68. Bf8 Ra8 69. Bc5 Ra5 70. Bf8 1/2-1/2

[Event "2nd Serbian League-Vojvodina 2023"]
[Site "Novi Sad"]
[Date "2023.11.08"]
[Round "10.20"]
[White "Mushini Ajay"]
[Black "Indjic, Dusan"]
[Result "1-0"]
[ECO "B57"]
[WhiteElo "2301"]
[BlackElo "2304"]
[Annotator "RC"]
[PlyCount "141"]
[EventDate "2023.10.22"]
[EventType "team-tourn"]
[EventCountry "SRB"]
[SourceTitle "playchess.com"]
[Source "ChessBase"]
[SourceQuality "1"]
[TimeControl "40/5400+30:1800+30"]

1. e4 c5 2. Nf3 Nc6 3. d4 cxd4 4. Nxd4 Nf6 5. Nc3 d6 6. Bc4 Qb6 7. Nb3 e6 8. Be3 Qc7 9. Be2 Be7 10. Qd2 O-O 11. O-O-O a6 12. Bg5 Rd8 13. Kb1 b5 14. a3 Bb7 15. h4 Ne5 16. Qe3 Nc4 17. Bxc4 bxc4 18. Nd4 Rab8 19. Ka1 Ba8 20. f3 Qb6 21. Qc1 Qa5 22. Qd2 Qb6 23. Rb1 Rd7 24. Be3 Qd8 25. g4 Bf8 26. Bg5 Be7 27. Rhd1 d5 28. e5 Ne8 29. Bxe7 Qxe7 30. h5 Ra7 31. g5 Nc7 32. Nce2 Nb5 33. c3 g6 34. Rh1 Rc8 35. f4 Bc6 36. Nxc6 Rxc6 37. hxg6 fxg6 38. Rh2 Qf8 39. Rbh1 Rg7 40. Rh6 Rb6 41. a4 Na7 42. Nd4 Qe8 43. f5 Qxa4+ 44. Kb1 Rgb7 45. fxg6 Nb5 46. gxh7+ Kh8 47. Rg6 Rxh7 48. Rxh7+ Kxh7 49. Rh6+ Kg8 50. g6 Nxc3+ 51. Qxc3 Qd1+ 52. Ka2 Kg7 53. Rh7+ Kxg6 54. Rh3 Qa4+ 55. Qa3 Qxa3+ 56. Kxa3 Kf7 57. Rh7+ Kg6 58. Re7 Kg5 59. Rf7 Kg4 60. Rf6 a5 61. Ka2 Rb8 62. Nxe6 Re8 63. Kb1 d4 64. Nxd4 Rxe5 65. Rc6 Rd5 66. Rxc4 Kf4 67. Nb3+ Ke3 68. Rc5 Rd1+ 69. Kc2 Rh1 70. Rc3+ Ke4 71. Nxa5 1-0

[Event "2nd Serbian League-Vojvodina 2023"]
[Site "Novi Sad"]
[Date "2023.11.08"]
[Round "10.21"]
[White "Mijatovic, Dusan"]
[Black "Jotic, Vladimir"]
[Result "1-0"]
[ECO "B15"]
[WhiteElo "2139"]
[BlackElo "2280"]
[Annotator "RC"]
[PlyCount "107"]
[EventDate "2023.10.22"]
[EventType "team-tourn"]
[EventCountry "SRB"]
[SourceTitle "playchess.com"]
[Source "ChessBase"]
[SourceQuality "1"]
[TimeControl "40/5400+30:1800+30"]

1. e4 c6 2. Nf3 g6 3. d4 d5 4. Nc3 Bg7 5. h3 Nh6 6. Bd3 dxe4 7. Nxe4 Nf5 8. c3 Nd6 9. Bf4 Nxe4 10. Bxe4 Nd7 11. Qd2 O-O 12. Bh6 c5 13. Bxg7 Kxg7 14. O-O Nf6 15. Bc2 cxd4 16. Qxd4 Qxd4 17. Nxd4 e5 18. Nf3 Nd7 19. Rfe1 f6 20. Rad1 Nb6 21. Bb3 Bd7 22. Rd6 Bc6 23. Red1 Rae8 24. Ne1 a5 25. a3 Nc8 26. R6d2 Ne7 27. Nc2 Nf5 28. Bd5 Rd8 29. Ne3 Ne7 30. Bxc6 Rxd2 31. Rxd2 Nxc6 32. Nc4 b5 33. Rd7+ Kh6 34. Nd6 Rb8 35. g4 Kg5 36. Ne4+ Kf4 37. Nxf6 e4 38. Kg2 Ne5 39. Rd4 Nc4 40. Rxe4+ Kg5 41. Nxh7+ Kh6 42. Nf6 Nxb2 43. Re7 g5 44. Rc7 a4 45. Ne4 Nc4 46. Rc6+ Kg7 47. Nxg5 Nxa3 48. Ne6+ Kf7 49. Nd4 Nb1 50. g5 a3 51. g6+ Kg8 52. Ra6 Nxc3 53. Nf5 b4 54. Ra7 1-0